 Dungeon Crawl Stone Soup version 0.22-a0-514-g96ba041d05 (webtiles) character file.

95 D1HalberdGnoll the Bolt Thrower (level 4, -7/40 HPs)
             Began as a Deep Dwarf Hunter on June 19, 2018.
             Mangled by an ogre
             ... wielding a +0 giant club
              (27 damage)
             ... on level 2 of the Dungeon.
             The game lasted 00:02:18 (1092 turns).

D1HalberdGnoll the Bolt Thrower (Deep Dwarf Hunter) Turns: 1092, Time: 00:02:18

Health: -7/40      AC:  8    Str: 17    XL:     4   Next: 39%
Magic:  4/4        EV:  8    Int: 11    God:
Gold:   75         SH:  0    Dex: 13    Spells: 3/3 levels left

rFire    . . .     SeeInvis .   b - +0 war axe
rCold    . . .     Gourm    .   (no shield)
rNeg     . . .     Faith    .   e - +0 chain mail
rPois    .         Spirit   .   (no helmet)
rElec    .         Reflect  .   (no cloak)
rCorr    .         Harm     .   (no gloves)
MR       .....                  (no boots)
Stlth    ..........             (no amulet)
HPRegen  0.00/turn              (no ring)
MPRegen  0.09/turn              (no ring)

@: non-regenerating
A: damage resistance, heal wounds, sense surroundings 1, no regeneration
a: Heal Wounds


You were on level 2 of the Dungeon.
You were hungry.

You visited 1 branch of the dungeon, and saw 2 of its levels.

You collected 75 gold pieces.

Inventory:

Hand Weapons
 a - a +1 hand crossbow
 b - a +0 war axe (weapon)
Missiles
 d - 27 bolts
 h - a throwing net (quivered)
Armour
 e - a +0 chain mail (worn)
Scrolls
 g - a scroll of noise {unknown}
 j - a scroll of enchant weapon {unknown}
 k - a scroll of teleportation {unknown}
Potions
 c - 2 potions of ambrosia {unknown}
 i - 2 potions of magic {unknown}
 l - a potion of lignification {unknown}
Comestibles
 f - 5 rations


   Skills:
 + Level 2.4 Fighting
 + Level 0.0 Axes
 * Level 5.3 Crossbows
 + Level 1.7 Armour
 - Level 3.0 Dodging
 - Level 1.2 Stealth


You had 3 spell levels left.
You didn't know any spells.
Your spell library contained the following spells:

 Spells                   Type           Power        Failure   Level  Hunger
 Slow                     Hex            #.......     100%        2    ###....


Dungeon Overview and Level Annotations

Branches:
Dungeon (2/15)

Altars:
Vehumet
Wu Jian


Innate Abilities, Weirdness & Mutations

You are resistant to damage.
You can heal yourself by infusing magical energy.
You passively map a small area around you.
You do not regenerate.


Message History

Firing (i - inventory. (/) - cycle)
d - 29 bolts (quivered)
Press: ? - help, Shift-Dir - straight line, f - ogre
Aim: an ogre, wielding a giant club You shoot a bolt.
The bolt barely misses the ogre.
The ogre hits you with a giant club.
Firing (i - inventory. (/) - cycle)
d - 28 bolts (quivered)
Press: ? - help, Shift-Dir - straight line, f/p - ogre
Aim: an ogre, wielding a giant club You shoot a bolt.
The bolt barely misses the ogre.
The ogre hits you with a giant club!!
You are too injured to fight recklessly!
b - a +0 war axe (weapon)
You are feeling hungry.
You are too injured to fight recklessly!
You are too injured to fight recklessly!
You slash the ogre!
The ogre is moderately wounded.
The ogre hits you with a giant club!!
Ouch! That really hurt!
You die...

###### * #....##
##.##..# ##
##...##.### #. , ,
#.....#...# #. *
*#.....#...#
#O####,
#.....#.... #.@..#
##(..##.... ####.#
#.....#.... #.#
#.....#..<. #.#
#.....#.##.
###'#####...##....
#.......##_##..#..
#........####..#..
#..........##..#<.
###.########......


You could see an ogre.

Vanquished Creatures
  Jessica (D:2)
  2 adders (D:2)
  An ooze (D:1)
  2 worms (D:2)
  3 dart slugs
  3 giant cockroaches (D:1)
  5 goblins
  4 hobgoblins (D:1)
  A jackal (D:2)
  A quokka (D:2)
  A ball python (D:1)
  4 bats
  A frilled lizard (D:1)
  5 kobolds
  3 rats
37 creatures vanquished.

Notes
Turn   | Place    | Note
-------+----------+-------------------------------------------
     0 | D:1      | D1HalberdGnoll the Deep Dwarf Hunter began the quest for the Orb.
     0 | D:1      | Reached XP level 1. HP: 19/19 MP: 1/1
    84 | D:1      | Reached XP level 2. HP: 26/26 MP: 2/2
   331 | D:1      | Reached skill level 1 in Armour
   719 | D:2      | Noticed Jessica
   722 | D:2      | Killed Jessica
   722 | D:2      | Reached skill level 5 in Crossbows
   722 | D:2      | Reached XP level 3. HP: 32/32 MP: 3/3
   734 | D:2      | Identified Jessica's Collected Works on Beguiling
   853 | D:2      | Found an ornate altar of the Wu Jian Council.
   873 | D:2      | Reached XP level 4. HP: 37/40 MP: 4/4
   998 | D:2      | Found a radiant altar of Vehumet.
  1087 | D:2      | Noticed an ogre
  1092 | D:2      | Mangled by an ogre

Vault maps used:
D:1:      ncdulo_lavacross, minmay_tiny_reverse_x
D:2:      lemuel_round_altar, marbit_many_paths, lemuel_crystal_altar,
          first_ration, kennysheep_jessica_study, uniq_jessica

Skill      XL: |  1  2  3  4 |
---------------+-------------+-----
Fighting       | 2 |  2.4
Armour         | 1 |  1.7
Crossbows      | 5 |  5.3
Dodging        | 3 |  3.0
Stealth        | |  1.2

Action                   |  1- 3 |  4- 6 || total
-------------------------+-------+-------++-------
Melee: War axe           |       |    16 ||    16
 Fire: Hand crossbow     |    57 |    14 ||    71
Armor: Chain mail        |     4 |     7 ||    11
       Leather armour    |     1 |       ||     1
Dodge: Dodged            |     5 |    10 ||    15

Table legend:
 A = Spawn XP
 B = Non-spawn XP
 C = Spawn XP percentage of total XP
 D = Spawn monster count
 E = Non-spawn monster count
 F = Spawn count percentage of total count
 G = Total turns spent on level
                    A         B        C        D         E        F      G
               +---------+---------+-------+---------+---------+-------+---------
         Total |       0 |     136 |   0.0 |       0 |      37 |   0.0 |  1092
               +---------+---------+-------+---------+---------+-------+---------
           D:1 |       0 |      33 |   0.0 |       0 |      16 |   0.0 |   592
           D:2 |       0 |     103 |   0.0 |       0 |      21 |   0.0 |   500
               +---------+---------+-------+---------+---------+-------+---------
